 Dungeon Crawl Stone Soup version 0.16.0-17-g811c1d7 (console) character file.

79 gw the Vexing (level 4, 0/32 HPs)
             Began as a Vampire Enchanter on Mar 21, 2015.
             Slain by gw's ghost (12 damage)
             ... on level 3 of the Dungeon.
             The game lasted 00:03:27 (3447 turns).

gw the Vexing (Vampire Enchanter)                   Turns: 3447, Time: 00:03:27

Health: 0/32       AC:  3    Str:  7    XL:     4   Next: 16%
Magic:  7/8        EV: 12    Int: 18    God:
Gold:   121        SH:  0    Dex: 14    Spells: 4 memorised, 0 levels left

rFire  . . .     SeeInvis +     a - +1 dagger
rCold  . . .     Clarity  .     f - +0 leather armour
rNeg   + . .     SustAb   .     (no shield)
rPois  +         Gourm    .     (no helmet)
rElec  .         Spirit   .     (no cloak)
rCorr  .         Warding  .     (no gloves)
rMut   .         Stasis   .     (no boots)
MR     .....                    (no amulet)
Stlth  +.........               g - ring of poison resistance
                                d - ring of positive energy

@: confused, regenerating quickly, glowing, not resistant to hostile
enchantments, very unstealthy
A: bottle blood, fangs 3, see invisible, unbreathing
a: no special abilities


You were on level 3 of the Dungeon.
You were full.

You visited 1 branch of the dungeon, and saw 3 of its levels.

You collected 121 gold pieces.

Inventory:

Hand weapons
 a - a +1 dagger (weapon)
Missiles
 b - 46 stones (quivered)
 j - 29 poisoned needles
Armour
 f - a +0 leather armour (worn)
Jewellery
 d - a ring of positive energy (left hand)
 g - a ring of poison resistance (right hand)
Scrolls
 e - 2 scrolls of noise
Potions
 i - 2 potions of heal wounds
Books
 c - a book of Maledictions

   Spells                             Type                      Level
   a - Corona                         Hexes                        1
   b - Sure Blade                     Hexes/Charms                 2
   c - Ensorcelled Hibernation        Hexes/Ice                    2
   d - Confuse                        Hexes                        3
   e - Dazzling Spray                 Conjuration/Hexes            3
   f - Enslavement                    Hexes                        4


   Skills:
 + Level 1.3 Fighting
 + Level 2.0 Short Blades
 + Level 1.4 Armour
 - Level 2.1 Dodging
 - Level 4.4 Stealth
 * Level 2.7 Spellcasting
 + Level 4.5 Hexes


You couldn't memorise any spells.
You knew the following spells:

 Your Spells              Type           Power        Failure   Level  Hunger
a - Corona                Hex            ###....      4%          1    #......
b - Ensorcelled Hibernat  Hex/Ice        ##....       17%         2    ##.....
c - Sure Blade            Hex/Chrm       ##........   17%         2    ##.....
d - Confuse               Hex            ###.....     14%         3    ###....


Dungeon Overview and Level Annotations

Branches:
Dungeon (3/15)

Altars:
Nemelex Xobeh
Okawaru

Annotations:
D:3 gw's ghost, average SpEn


Innate Abilities, Weirdness & Mutations

Your natural rate of healing is unusually fast.
You can bottle blood from corpses.
You have razor-sharp teeth.
You have supernaturally acute eyesight.
You can survive without breathing.


Message History

Unknown command.
Unknown command.
Unknown command.
Unknown command.
ATTACK MOVE TO (-1,0) Gw's ghost hits you.
Unknown command.
Unknown command.
Unknown command.
Unknown command.
ATTACK MOVE TO (-1,0)
You closely miss gw's ghost. Your bite misses gw's ghost.
Gw's ghost closely misses you.
Unknown command.
Unknown command.
Unknown command.
Unknown command.
ATTACK MOVE TO (-1,0) Gw's ghost hits you!
You are electrocuted!
You die...

#######.#####...#
#...##.# .###
#......# #
#...##.# ##.###.#
#.# #.. #.
##.####.#
#...###.W.###.#
#........V....#
#...###...#####
#. ##.## #.# #.#
... #.# #.# #.#


You could see gw's ghost.

Table legend:
 A = Turns spent in this place as a percentage of turns spent in the entire game.
 B = Non-inter-level travel turns spent in this place as a percentage of non-inter-level travel turns spent in the entire game.
 C = Inter-level travel turns spent in this place as a percentage of turns spent in this place.
 D = Turns resting spent in this place as a percentage of non-inter-level travel turns spent in this place.
 E = Turns spent auto-exploring this place as a percentage of non-inter-level travel turns spent in this place.
 F = Non-inter-level travel turns spent in this place divided by the number of levels of this place that you've seen.
                   A       B       C       D       E      F
               +-------+-------+-------+-------+-------+----------------------
         Total | 100.0 | 100.0 |   0.9 |   2.4 |   1.9 | 1528.0
       Dungeon | 100.0 | 100.0 |   0.9 |   2.4 |   1.9 | 1528.0
               +-------+-------+-------+-------+-------+----------------------

Table legend:
 A = Kills in this place as a percentage of kills in entire the game.
 B = Kills by you in this place as a percentage of kills by you in the entire game.
 C = Kills by friends in this place as a percentage of kills by friends in the entire game.
 D = Other kills in this place as a percentage of other kills in the entire game.
 E = Experience gained in this place as a percentage of experience gained in the entire game.
 F = Experience gained in this place divided by the number of levels of this place that you have seen.
                   A       B       C       D       E      F
               +-------+-------+-------+-------+-------+----------------------
         Total | 100.0 | 100.0 |  -nan |  -nan | 100.0 |  37.7
       Dungeon | 100.0 | 100.0 |  -nan |  -nan | 100.0 |  37.7
               +-------+-------+-------+-------+-------+----------------------

Vanquished Creatures
  An adder (D:2)
  A giant mite (D:1)
  A worm (D:2)
  5 giant geckos
  2 oozes
  10 bats
  2 giant cockroaches
  6 goblins (D:1)
  3 hobgoblins
  4 jackals (D:2)
  3 giant newts
  5 kobolds
  2 quokkas (D:2)
  7 rats
52 creatures vanquished.

Notes
Turn   | Place    | Note
--------------------------------------------------------------
     0 | D:1      | gw, the Vampire Enchanter, began the quest for the Orb.
     0 | D:1      | Reached XP level 1. HP: 13/13 MP: 3/3
   164 | D:1      | Reached XP level 2. HP: 7/20 MP: 0/4
   243 | D:1      | Learned a level 2 spell: Ensorcelled Hibernation
   246 | D:1      | Learned a level 2 spell: Sure Blade
   380 | D:1      | Reached skill level 1 in Armour
   911 | D:1      | Reached XP level 3. HP: 25/25 MP: 1/6
  1805 | D:2      | Reached skill level 1 in Fighting
  2561 | D:2      | Found a sparkling altar of Nemelex Xobeh.
  2581 | D:2      | Found an iron altar of Okawaru.
  2687 | D:2      | Reached XP level 4. HP: 32/32 MP: 0/8
  2756 | D:2      | Learned a level 3 spell: Confuse
  3431 | D:3      | Noticed gw's ghost (average SpEn)
  3447 | D:3      | Slain by gw's ghost

Action                   |  1- 3 |  4- 6 || total
-------------------------+-------+-------++-------
Melee: Dagger            |    99 |    17 ||   116
Throw: Stone             |    38 |     5 ||    43
 Cast: Corona            |    24 |     3 ||    27
       Sure Blade        |    29 |     5 ||    34
       Ensorcelled Hiber |    18 |     4 ||    22
       Confuse           |       |     6 ||     6
  Use: Potion            |     2 |     3 ||     5
       Scroll            |     1 |     5 ||     6
 Stab: Sleeping          |     8 |     4 ||    12
  Eat: Corpse            |    23 |     3 ||    26

Vault maps used:
D:1:      minmay_arrival_semitransparent, feat_on_display
D:2:      overflow_temple_1_default, lemuel_round_altar
D:3:      fedhas_altar_3, uniq_crazy_yiuf_cottage, uniq_sigmund
